 Dungeon Crawl Stone Soup version 0.24-a0-500-g46574c2197 (webtiles) character file.

Game seed: 2912252381887717257

723 KristoblXynda the Chopper (level 7, 0/50 HPs)
             Began as a Demonspawn Gladiator on July 15, 2019.
             Was a Follower of Okawaru.
             Slain by a sky beast (5 damage)
             ... on level 5 of the Dungeon.
             The game lasted 00:05:36 (4812 turns).

KristoblXynda the Chopper (Demonspawn Gladiator)    Turns: 4812, Time: 00:05:37

Health: 0/50       AC:  8    Str: 15    XL:     7   Next: 43%
Magic:  0/7        EV: 13    Int: 11    God:    Okawaru [*.....]
Gold:   228        SH:  0    Dex: 14    Spells: 6/6 levels left

rFire    . . .     SeeInvis .   a - +0 war axe
rCold    . . .     Gourm    .   (no shield)
rNeg     . . .     Faith    .   h - +0 ring mail
rPois    .         Spirit   +   c - +0 helmet
rElec    .         Reflect  .   (no cloak)
rCorr    .         Harm     .   (no gloves)
MR       .....                  (no boots)
Stlth    ++........             q - amulet of guardian spirit
HPRegen  0.16/turn              (no ring)
MPRegen  0.10/turn              (no ring)

@: no status effects
A: iridescent scales 1, nightstalker 1
a: Heroism, Renounce Religion


You were on level 5 of the Dungeon.
You worshipped Okawaru.
Okawaru was aware of your devotion.
You were not hungry.

You visited 2 branches of the dungeon, and saw 6 of its levels.

You collected 228 gold pieces.

Inventory:

Hand Weapons
 a - a +0 war axe (weapon)
Missiles
 d - 5 throwing nets (quivered)
Armour
 c - a +0 helmet (worn)
 h - a +0 ring mail (worn)
Jewellery
 i - an uncursed ring of fire
 q - an amulet of guardian spirit (around neck)
Scrolls
 b - a scroll of random uselessness {unknown}
 e - 2 scrolls of amnesia
 g - a scroll of identify
 j - a scroll of enchant weapon {unknown}
 k - 7 scrolls of remove curse
 l - 3 scrolls of teleportation {unknown}
 o - a scroll of magic mapping {unknown}
 p - a scroll of enchant armour {unknown}
 r - a scroll of fog {unknown}
Potions
 m - a potion of heal wounds
 n - a potion of mutation
Comestibles
 f - 10 rations


   Skills:
 - Level 2.0 Fighting
 * Level 6.0 Axes
 - Level 1.7 Throwing
 + Level 3.4 Armour
 + Level 4.5 Dodging


You had 6 spell levels left.
You didn't know any spells.
Your spell library contained the following spells:

 Spells                   Type           Power        Failure   Level  Hunger
 Flame Tongue             Conj/Fire      #....        56%         1    ##.....
 Cause Fear               Hex            #.........   100%        4    #####..
 Bolt of Fire             Conj/Fire      #.........   100%        6    #######
 Dragon Form              Tmut           #.........   100%        7    #######
 Dragon's Call            Summ           #.........   100%        9    #######


Dungeon Overview and Level Annotations

Branches:
Dungeon (5/15)             Temple (1/1) D:4

Altars:
Ashenzari
Fedhas
Makhleb
Nemelex Xobeh
Okawaru
Qazlal
Ru
Trog
Vehumet
Zin

Shops:
D:5 ?=


Innate Abilities, Weirdness & Mutations

You are partially covered in iridescent scales. (AC +2)
You are slightly more attuned to the shadows.


Message History

You hit the sky beast.
The sky beast is severely wounded.
The sky beast hits you. The sky beast shocks you.
* * * LOW HITPOINT WARNING * * *
Your ring mail prevents you from hitting the sky beast.
The sky beast is severely wounded.
The sky beast hits you.
* * * LOW HITPOINT WARNING * * *
The sky beast shocks you.
* * * LOW HITPOINT WARNING * * *
The sky beast hits you but does no damage.
You hit the sky beast.
The sky beast is severely wounded.
The sky beast flickers out of sight!
Deactivating autopickup; reactivate with Ctrl-A.
Something barely misses you.
You barely miss something. Something hits you.
* * * LOW HITPOINT WARNING * * *
Something shocks you.
You die...

#.##.. #.....
......## .
#)8.8.8# .#
#..⌠.⌠(# ...
#.8.∩.8###....
#..⌠.⌠@.......
#.8.8{8.##### ###
#####.#.#####.###
#..
#.....%.#......
#.#
#.##.#..#.##.##
#.#
..............#
#.#
##.###.......#
#.# ... ##....##
#####.# .#
#.....# #......


There were no monsters in sight!

Vanquished Creatures
  A sky beast (D:5)
  A phantom (D:5)
  An ogre (D:5)
  A howler monkey (D:4)
  2 centaur zombies (D:5)
  A crimson imp (D:5)
  2 hounds
  An orc priest (D:4)
  An orc wizard (D:4)
  2 worker ants
  6 adders
  A howler monkey skeleton (D:5)
  2 oozes
  3 worms
  A leopard gecko (D:4)
  9 orcs
  11 bats
  2 giant cockroaches
  4 hobgoblins
  10 kobolds
  A quokka (D:2)
  A ball python (D:2)
  5 frilled lizards
  8 goblins
  A quokka skeleton (D:5)
  11 rats
89 creatures vanquished.

Notes
Turn   | Place    | Note
-------+----------+-------------------------------------------
     0 | D:1      | KristoblXynda the Demonspawn Gladiator began the quest for
                  | the Orb.
     0 | D:1      | Reached XP level 1. HP: 16/16 MP: 1/1
   519 | D:1      | Reached skill level 3 in Axes
   708 | D:2      | Gained mutation: You are slightly more attuned to the
                  | shadows. [demonic ancestry]
   708 | D:2      | Reached XP level 2. HP: 22/22 MP: 2/2
  1092 | D:2      | Reached skill level 1 in Armour
  1312 | D:2      | Reached XP level 3. HP: 27/27 MP: 3/3
  1515 | D:2      | Reached XP level 4. HP: 10/33 MP: 4/4
  2460 | D:3      | Found a shattered altar of Ashenzari.
  2515 | D:3      | Reached skill level 4 in Axes
  2762 | D:3      | Reached XP level 5. HP: 34/38 MP: 5/5
  3031 | D:4      | Gained mutation: You are partially covered in iridescent
                  | scales. (AC +2) [demonic ancestry]
  3031 | D:4      | Reached XP level 6. HP: 18/44 MP: 6/6
  3626 | D:4      | Found a staircase to the Ecumenical Temple.
  3645 | Temple   | Entered the Ecumenical Temple
  3751 | Temple   | Became a worshipper of Warmaster Okawaru
  3920 | D:5      | Entered Level 5 of the Dungeon
  3953 | D:5      | Noticed a sky beast
  3957 | D:5      | Reached skill level 5 in Axes
  3988 | D:5      | Killed a sky beast
  3995 | D:5      | HP: 1/44 [worm (3)]
  4293 | D:5      | Found Joenirgh's Jewellery Boutique.
  4414 | D:5      | Reached XP level 7. HP: 40/50 MP: 4/7
  4436 | D:5      | Reached * piety under Okawaru
  4451 | D:5      | Reached skill level 6 in Axes
  4784 | D:5      | Found Vobes's Magic Scroll Emporium.
  4812 | D:5      | Slain by a sky beast

Levels and vault maps discovered:
D:1:      dpeg_arrival_orchard, layout_rooms, minmay_tetromino_l2
D:2:      layout_basic
D:3:      layout_rooms, ashenzari_conservatory_becter
D:4:      layout_basic, minmay_temple_entry_antechambers, first_ration
D:5:      layout_loops_cross, grunt_temple_overflow_open,
          nicolae_gozag_cash_rules_everything_around_me, serial_shops,
          nicolae_shop_behind_doors,
          nicolae_shop_temple_entry_statues_fountains, serial_glass,
          glass_columns_a, glass_columns_a, glass_columns_b,
          minmay_strange_pillars, due_unseen_surprise, fedhas_altar_fruit_tree
Temple:   compressed_dpeg_triangle_lava_temple

Skill      XL: |  1  2  3  4  5  6  7 |
---------------+----------------------+-----
Axes           | 3 4 5 6 |  6.0
Dodging        | 3 4 |  4.5
Armour         | 1 2 3 |  3.4
Fighting       | |  2.0
Throwing       | |  1.7

Action                   |  1- 3 |  4- 6 |  7- 9 || total
-------------------------+-------+-------+-------++-------
Melee: War axe           |   101 |   173 |    41 ||   315
Throw: Throwing net      |       |       |     1 ||     1
  Use: Scroll            |     1 |     5 |       ||     6
       Potion            |       |     1 |     1 ||     2
 Stab: Sleeping          |     2 |     3 |       ||     5
       Distracted        |       |     1 |       ||     1
  Eat: Chunk             |     1 |     8 |       ||     9
       Ration            |       |     1 |       ||     1
Armor: Ring mail         |    45 |    93 |    19 ||   157
Dodge: Dodged            |    73 |   138 |    18 ||   229

Table legend:
 A = Non-vault XP
 B = Vault XP
 C = Vault XP percentage of total XP
 D = Non-vault monster count
 E = Vault monster count
 F = Vault count percentage of total count
                 A         B        C        D         E       F
            +---------+---------+-------+---------+---------+-------
      Total |    1032 |       2 |   0.2 |      87 |       2 |   2.2
            +---------+---------+-------+---------+---------+-------
        D:1 |       9 |       2 |  18.2 |       7 |       2 |  22.2
        D:2 |     118 |       0 |   0.0 |      32 |       0 |   0.0
        D:3 |      75 |       0 |   0.0 |      23 |       0 |   0.0
        D:4 |     243 |       0 |   0.0 |      12 |       0 |   0.0
        D:5 |     587 |       0 |   0.0 |      13 |       0 |   0.0
            +---------+---------+-------+---------+---------+-------
